 Dungeon Crawl Stone Soup version 0.27.1-37-g7b29ead8ac (webtiles) character file.

Game seed: 4581088978801968933

212 cbfl8 the Chopper (level 5, -4/45 HPs)
             Began as a Minotaur Gladiator on June 2, 2023.
             Was a Follower of Yredelemnul.
             Slain by a black bear (8 damage)
             ... on level 3 of the Dungeon.
             The game lasted 00:02:15 (3093 turns).

cbfl8 the Chopper (Minotaur Gladiator)              Turns: 3093, Time: 00:02:16

Health: -4/45      AC:  3    Str: 18    XL:     5   Next: 58%
Magic:  4/4        EV: 13    Int: 11    God:    Yredelemnul [*.....]
Gold:   243        SH:  0    Dex: 13    Spells: 4/4 levels left

rFire    . . .     SeeInvis .   a - +0 war axe (flame)
rCold    . . .     Faith    .   (no shield)
rNeg     . . .     Spirit   .   b - +0 leather armour
rPois    .         Reflect  .   c - +0 hat
rElec    .         Harm     .   (no cloak)
rCorr    .         Rampage  .   (no gloves)
Will     .....                  (no boots)
Stlth    +.........             (no amulet)
HPRegen  0.15/turn              f - +6 ring of intelligence
MPRegen  0.09/turn              (no ring)

@: no status effects
A: horns 2, retaliatory headbutt
a: Renounce Religion, Animate Remains


You were on level 3 of the Dungeon.
You worshipped Yredelemnul.
Yredelemnul was aware of your devotion.
You visited 1 branch of the dungeon, and saw 4 of its levels.

You collected 243 gold pieces.

Inventory:

Hand Weapons
 a - a +0 war axe of flaming (weapon)
Missiles
 d - 3 throwing nets (quivered)
Armour
 b - a +0 leather armour (worn)
 c - a +0 hat (worn)
Jewellery
 f - a +6 ring of intelligence (left hand)
Scrolls
 g - a scroll of teleportation {unknown}
 h - 2 scrolls of amnesia {unknown}
Potions
 e - 3 potions of curing {unknown}
 k - a potion of mutation {unknown}


   Skills:
 + Level 3.3 Fighting
 + Level 5.2 Axes
 - Level 2.0 Throwing
 + Level 3.0 Armour
 + Level 3.8 Dodging
 + Level 0.5 Stealth
 * Level 1.6 Evocations


You had 4 spell levels left.
You didn't know any spells.
Your spell library contained the following spells:

 Spells                   Type           Power      Damage    Failure   Level
 Beastly Appendage        Tmut           0%         N/A       38%         1
 Ensorcelled Hibernation  Hex/Ice        0%         N/A       54%         2
 Slow                     Hex            0%         N/A       54%         2
 Wereblood                Tmut           0%         N/A       54%         2
 Confusing Touch          Hex            0%         N/A       77%         3
 Spider Form              Tmut/Pois      0%         N/A       77%         3
 Vampiric Draining        Necr           0%         2d6       77%         3
 Shadow Creatures         Summ           N/A        N/A       100%        6


Dungeon Overview and Level Annotations

Branches:
Dungeon (4/15)
 Temple: D:4-7

Altars:
Yredelemnul

Shops:
D:4 ==

Annotations:
D:2 1 runed translucent door, Crazy Yiuf


Innate Abilities, Weirdness & Mutations

You have a pair of horns on your head.
You reflexively headbutt those who attack you in melee.


Message History

A black bear is nearby!
The black bear bites you. The black bear closely misses you.
The black bear claws you.
A black bear is nearby!
You hit the black bear.
The black bear is lightly wounded.
The black bear misses you.
The black bear claws you but does no damage.
The black bear barely misses you.
A black bear is nearby!
You completely miss the black bear. Your headbutt misses the black bear.
The black bear is lightly wounded.
The black bear bites you! The black bear claws you. x2
A black bear is nearby!
You barely miss the black bear.
The black bear is lightly wounded.
The black bear bites you!
The black bear claws you but does no damage.
The black bear claws you. The black bear bites you. The black bear misses you.
The black bear claws you.
You are too injured to fight recklessly!
You are too injured to fight recklessly!
There is a stone staircase leading up here.
The black bear bites you!
* * * LOW HITPOINT WARNING * * *
The black bear closely misses you. x2
You climb upwards.
There is a stone staircase leading down here.
As you read the scroll labelled DUACYXOVAW, it crumbles to dust.
It is a scroll of brand weapon.
Your +0 war axe is engulfed in flames!
a - a +0 war axe of flaming (weapon)
The black bear bites you.
* * * LOW HITPOINT WARNING * * *
The black bear claws you but does no damage.
The black bear barely misses you.
This is a scroll of acquirement!
Something appears at your feet! The black bear bites you!
You die...
Your body rises from the dead as a mindless zombie.

..........####.####...#
###.......####........#
#.........###....>..#
#########.###.......#
#...........#
####........#
##.......# #.......#
#.@.....# #h......#
#.......# #########


You could see a black bear.

Vanquished Creatures
  An ogre (D:4)
  A hound (D:4)
  5 adders
  A dart slug (D:1)
  2 orcs
  5 ball pythons
  A bat (D:1)
  3 endoplasms (D:1)
  3 giant cockroaches
  4 hobgoblins
  2 kobolds (D:1)
  5 quokkas
  2 frilled lizards
  3 goblins
  7 rats
45 creatures vanquished.

Notes
Turn   | Place    | Note
-------+----------+-------------------------------------------
     0 | D:1      | cbfl8 the Minotaur Gladiator began the quest for the Orb.
     0 | D:1      | Reached XP level 1. HP: 18/18 MP: 0/0
   198 | D:1      | Reached XP level 2. HP: 25/25 MP: 1/1
   257 | D:1      | Reached skill level 4 in Axes
   465 | D:1      | Found a faded altar of an unknown god.
  1091 | D:2      | Found a basalt altar of Yredelemnul.
  1096 | D:2      | Reached XP level 3. HP: 30/30 MP: 2/2
  1101 | D:2      | Became a worshipper of Yredelemnul the Dark
  1488 | D:2      | Reached skill level 1 in Armour
  1757 | D:2      | Found a runed translucent door.
  1758 | D:2      | Noticed Crazy Yiuf
  1937 | D:3      | Reached XP level 4. HP: 25/38 MP: 3/3
  2261 | D:3      | Reached skill level 1 in Evocations
  2698 | D:4      | Found Riuf's Jewellery Boutique.
  2731 | D:4      | Noticed an ogre
  2737 | D:4      | Killed an ogre
  2738 | D:4      | Reached skill level 5 in Axes
  2738 | D:4      | Reached XP level 5. HP: 34/45 MP: 4/4
  2973 | D:4      | Reached * piety under Yredelemnul
  3009 | D:4      | Found Lagg's Jewellery Shop.
  3077 | D:4      | Noticed a black bear
  3093 | D:3      | Identified a scroll of acquirement
  3093 | D:3      | Acquired 595 gold pieces
  3093 | D:3      | Slain by a black bear

Illustrated notes

Levels and vault maps discovered:
D:1:      lightli_arrival_lavapool, layout_basic, ebering_ecumenical_altar_ruins
D:2:      layout_loops_ring, basic_altar, uniq_crazy_yiuf_cottage
D:3:      layout_rooms, st_stairs_3
D:4:      layout_basic, serial_shops, shop_coins, shop, small_statue_alley_b

Skill      XL: |  1  2  3  4  5 |
---------------+----------------+-----
Axes           | 4 5 |  5.2
Fighting       | 3 |  3.3
Armour         | 1 2 3 |  3.0
Evocations     | 1 |  1.6
Throwing       | |  2.0
Dodging        | |  3.8
Stealth        | |  0.5

Action                   |  1- 3 |  4- 6 || total
-------------------------+-------+-------++-------
Melee: War axe           |    59 |    39 ||    98
       Headbutt          |     5 |     4 ||     9
  Use: Scroll            |       |     2 ||     2
Armor: Leather armour    |    15 |     9 ||    24
Dodge: Dodged            |    40 |    31 ||    71
